 Dungeon Crawl Stone Soup version 0.20.1-1-g8b1a95d (webtiles) character file.

62 VanSlam the Conjurer (level 3, 0/19 HPs)
             Began as a Deep Elf Conjurer on July 30, 2017.
             Succumbed to an adder's poison
             ... on level 2 of the Dungeon.
             The game lasted 00:19:20 (2398 turns).

VanSlam the Conjurer (Deep Elf Conjurer)            Turns: 2398, Time: 00:19:21

Health: 0/19       AC:  4    Str:  5    XL:     3   Next: 85%
Magic:  10/10      EV: 13    Int: 20    God:
Gold:   159        SH:  0    Dex: 15    Spells: 6/9 levels left

rFire    . . .     SeeInvis +   e - +1 short sword
rCold    . . .     Gourm    .   (no shield)
rNeg     . . .     Faith    .   a - +0 robe
rPois    .         Spirit   .   q - +2 hat
rElec    .         Reflect  .   (no cloak)
rCorr    .         Harm     .   (no gloves)
MR       .....                  (no boots)
Stlth    ++........             (no amulet)
Regen    0.1/turn               i - ring of see invisible
MPRegen  0.2/turn               (no ring)

@: lethally poisoned (0 -> -9)
A: no striking features
a: no special abilities


You were on level 2 of the Dungeon.
You were hungry.

You visited 1 branch of the dungeon, and saw 2 of its levels.

You collected 159 gold pieces.

Inventory:

Hand Weapons
 e - a +1 short sword (weapon)
Missiles
 d - 19 arrows
Armour
 a - a +0 robe (worn)
 h - a +0 leather armour
 q - a +2 hat (worn)
Jewellery
 i - a ring of see invisible (left hand)
Scrolls
 j - 2 scrolls of identify
 k - 2 scrolls of random uselessness
Potions
 f - a potion of haste {unknown}
 g - a potion of flight {unknown}
 n - a potion of mutation {unknown}
 r - a potion of might
Books
 b - a book of Conjurations

   Spells                             Type                      Level
   a - Magic Dart                     Conjuration                  1
   b - Searing Ray                    Conjuration                  2
   c - Dazzling Spray                 Conjuration/Hexes            3
   d - Fulminant Prism                Conjuration/Hexes            4
   e - Force Lance                    Conjuration/Translocation    4
   f - Iskenderun's Mystic Blast      Conjuration                  4
Comestibles
 c - 3 bread rations
 l - a chunk of flesh
 m - a royal jelly


   Skills:
 + Level 0.6 Short Blades
 + Level 2.7 Dodging
 - Level 3.0 Stealth
 - Level 0.1 Unarmed Combat
 + Level 3.5 Spellcasting
 + Level 5.3 Conjurations


You had 6 spell levels left.
You knew the following spells:

 Your Spells              Type           Power        Failure   Level  Hunger
a - Magic Dart            Conj           ###.         1%          1    None
b - Searing Ray           Conj           ###...       2%          2    ##.....


Dungeon Overview and Level Annotations

Branches:
Dungeon (2/15)

Altars:
Qazlal


Message History

The adder is lightly wounded.
You feel sick. The adder closely misses you. The adder bites you.
* * * LOW HITPOINT WARNING * * *
* * * LOW HITPOINT WARNING * * *
You feel sick.
* * * LOW HITPOINT WARNING * * *
You feel sick. The adder bites you but does no damage.
A rat comes into view.
The adder barely misses you.
* * * LOW HITPOINT WARNING * * *
You feel sick. The adder barely misses you.
* * * LOW HITPOINT WARNING * * *
You feel sick. The adder bites you.
* * * LOW HITPOINT WARNING * * *
You are more poisoned.
The adder poisons you!
You die...

#. #######'## #.#
##.####### #.#
#......... #.#
#..####### #.#
#######...##
###.###
#........>.#
#.....#
#.#####...##
#.....###.#####..##
#......@.........#
#.....###S######r#
#.....# #.# #.#
####### #.######.#
#........#
########.# #.#
#.####### #.....<.#


You could see an adder.

Vanquished Creatures
  3 adders (D:2)
  A worm (D:2)
  A dart slug (D:1)
  A leopard gecko (D:2)
  A giant cockroach (D:2)
  4 goblins (D:1)
  5 hobgoblins
  A jackal (D:2)
  A quokka (D:2)
  3 bats
  3 frilled lizards (D:1)
  2 kobolds (D:1)
  5 rats
31 creatures vanquished.

Vanquished Creatures (others)
  A jackal (D:2)
1 creature vanquished.

Grand Total: 32 creatures vanquished

Notes
Turn   | Place    | Note
-------+----------+-------------------------------------------
     0 | D:1      | VanSlam the Deep Elf Conjurer began the quest for the Orb.
     0 | D:1      | Reached XP level 1. HP: 10/10 MP: 6/6
   408 | D:1      | Reached XP level 2. HP: 15/15 MP: 6/8
   476 | D:1      | You fall through a shaft!
   883 | D:2      | Reached skill level 5 in Conjurations
   935 | D:2      | Found a stormy altar of Qazlal.
   976 | D:2      | Reached XP level 3. HP: 19/19 MP: 7/9
  1361 | D:1      | Learned a level 2 spell: Searing Ray
  2398 | D:2      | Succumbed to an adder's poison

Skill      XL: |  1  2  3 |
---------------+----------+-----
Conjurations   | 5 |  5.3
Stealth        | 3 |  3.0
Short Blades   | |  0.6
Dodging        | |  2.7
Unarmed Combat | |  0.1
Spellcasting   | |  3.5

Action                   || total
-------------------------++-------
Melee: Unarmed           ||    17
       Short sword       ||    41
 Cast: Magic Dart        ||    42
       Searing Ray       ||     7
  Use: Potion            ||     1
       Scroll            ||     4
 Stab: Sleeping          ||     1
  Eat: Chunk             ||     4
Armor: Leather armour    ||    11
       Robe              ||     1
Dodge: Dodged            ||    46
